 Dungeon Crawl Stone Soup version 0.17-a0-2093-gc772f4b (webtiles) character file.

599 tp1 the Charmwright (level 7, -3/36 HPs)
             Began as a Deep Elf Conjurer on Oct 16, 2015.
             Was an Initiate of Vehumet.
             Slain by an ice beast (11 damage)
             ... on level 5 of the Dungeon.
             The game lasted 00:28:05 (6255 turns).

tp1 the Charmwright (Deep Elf Conjurer)             Turns: 6255, Time: 00:28:06

Health: -3/36      AC:  5    Str:  5    XL:     7   Next: 17%
Magic:  2/15       EV: 12    Int: 22    God:    Vehumet [......]
Gold:   206        SH:  0    Dex: 15    Spells: 4 memorised, 3 levels left

rFire  . . .     SeeInvis .     N - +0 rapier
rCold  . . .     Clarity  .     i - +0 leather armour
rNeg   + . .     SustAt   +     (no shield)
rPois  .         Gourm    .     (no helmet)
rElec  .         Spirit   .     (no cloak)
rCorr  .         Warding  .     e - +0 pair of gloves
rMut   .         Stasis   .     g - +0 pair of boots
MR     .....                    q - amulet of faith
Stlth  ++........               H - ring of positive energy
                                r - ring of sustain attributes

@: very slightly contaminated, not resistant to hostile enchantments, unstealthy
A: no striking features
a: Renounce Religion


You were on level 5 of the Dungeon.
You worshipped Vehumet.
Vehumet was noncommittal.
You were very hungry.

You visited 2 branches of the dungeon, and saw 6 of its levels.

You collected 206 gold pieces.

Inventory:

Hand Weapons
 o - a +0 short sword
 y - a +0 short sword
 N - a +0 rapier (weapon)
Armour
 a - a +0 robe
 e - a +0 pair of gloves (worn)
 g - a +0 pair of boots (worn)
 i - a +0 leather armour (worn)
 L - a +0 robe
Jewellery
 q - an amulet of faith (around neck)
 r - a ring of sustain attributes (left hand)
 H - a ring of positive energy (right hand)
 I - a +2 ring of intelligence {unknown}
 M - an uncursed ring of protection from cold {unknown}
Wands
 k - a wand of magic darts (10)
 J - a wand of frost (27)
Scrolls
 d - 6 scrolls of identify
 j - 2 scrolls of teleportation
 l - 2 scrolls of immolation {unknown}
 s - 4 scrolls of remove curse {unknown}
 B - a scroll of enchant weapon {unknown}
 F - a scroll of amnesia {unknown}
 G - a scroll of noise {unknown}
Potions
 m - 2 potions of resistance {unknown}
 n - 3 potions of might {unknown}
 p - 2 potions of flight {unknown}
 t - 2 potions of haste {unknown}
 u - 6 potions of curing {unknown}
 v - a potion of invisibility {unknown}
 x - 2 potions of brilliance {unknown}
 A - a potion of poison {unknown}
 C - 3 potions of degeneration {unknown}
 D - 2 potions of ambrosia {unknown}
Books
 b - a book of Conjurations

   Spells                             Type                      Level
   a - Magic Dart                     Conjuration                  1
   b - Searing Ray                    Conjuration                  2
   c - Dazzling Spray                 Conjuration/Hexes            3
   d - Fulminant Prism                Conjuration/Hexes            4
   e - Iskenderun's Mystic Blast      Conjuration                  4
   f - Iskenderun's Battlesphere      Conjuration/Charms           5
 K - a book of Fire

   Spells                             Type                      Level
   a - Ignite Poison                  Fire/Transmutation/Poison    3
   b - Fireball                       Conjuration/Fire             5
   c - Bolt of Fire                   Conjuration/Fire             6
   d - Delayed Fireball               Conjuration/Fire             7
   e - Ring of Flames                 Charms/Fire                  7
Miscellaneous
 h - a plain deck of defence {the Blade}
Comestibles
 c - 2 bread rations
 f - a royal jelly
 w - 4 fruits
 z - 4 meat rations
 E - 2 beef jerkies


   Skills:
 - Level 2.0 Short Blades
 - Level 1.1 Armour
 - Level 3.0 Dodging
 - Level 3.0 Stealth
 - Level 4.0 Spellcasting
 - Level 5.0 Conjurations
 - Level 3.1 Hexes
 + Level 7.7 Charms


You had 3 spell levels left.
You knew the following spells:

 Your Spells              Type           Power        Failure   Level  Hunger
a - Magic Dart            Conj           ####         1%          1    None
b - Searing Ray           Conj           ####..       3%          2    #......
c - Dazzling Spray        Conj/Hex       ###.....     12%         3    ###....
d - Iskenderun's Battles  Conj/Chrm      ####....     41%         5    ######.


Dungeon Overview and Level Annotations

Branches:
Dungeon (5/15)             Temple (1/1) D:4

Altars:
Ashenzari
Cheibriados
Dithmenos
Elyvilon
Fedhas
Gozag
Kikubaaqudgha
Makhleb
Nemelex Xobeh
Okawaru
Qazlal
Vehumet
Xom
Yredelemnul
The Shining One

Annotations:
D:3 Grinder


Message History

The ice beast barely misses you.
Casting: Searing Ray
Confirm with . or Enter, or press ? or * to list all spells.
Aiming: Searing Ray
Press: ? - help, Shift-Dir - straight line, f/p - ice beast
Aim: an ice beast (almost dead)
The searing ray hits the ice beast.
The ice beast is almost dead.
The ice beast hits you. The ice beast freezes you!
Casting: Searing Ray
Confirm with . or Enter, or press ? or * to list all spells.
Aiming: Searing Ray
Press: ? - help, Shift-Dir - straight line, f/p - ice beast
Aim: an ice beast (almost dead)
You miscast Searing Ray.
You are very lightly contaminated with residual magic.
Nothing appears to happen.
The ice beast hits you.
* * * LOW HITPOINT WARNING * * *
The ice beast freezes you!
You die...

.# #.# #.# #.## #...
##.#.# # ##
#########.##.##.###.
..#............Y......
#.#.##.#.##.##@##.###
###.#.#. #....#.#.#
......## ##......#
#.#.#.###....####
#....#.#............
#............#######
####...###.....#
......## #######
#######


You could see an ice beast.

Vanquished Creatures
  2 ogres (D:4)
  Blork the orc (D:4)
  A crimson imp (D:5)
  2 orc priests (D:3)
  A giant frog skeleton (D:4)
  Natasha (thrice) (D:4)
  A worker ant (D:4)
  7 adders
  An ooze (D:4)
  5 worms
  The ghost of Scarn the Caller, a weakling TeSu (D:3)
  3 giant geckos
  6 orcs
  11 bats
  11 hobgoblins
  8 kobolds
  5 quokkas
  3 ball pythons
  7 giant cockroaches
  6 giant newts
  5 goblins
  3 jackals (D:1)
  A jackal skeleton (D:4)
  9 rats
103 creatures vanquished.

Notes
Turn   | Place    | Note
--------------------------------------------------------------
     0 | D:1      | tp1 the Deep Elf Conjurer began the quest for the Orb.
     0 | D:1      | Reached XP level 1. HP: 10/10 MP: 6/6
   288 | D:1      | Reached XP level 2. HP: 15/15 MP: 5/8
   634 | D:1      | Reached skill level 5 in Conjurations
  1106 | D:1      | Reached XP level 3. HP: 19/19 MP: 6/9
  1758 | D:2      | Found a snail-covered altar of Cheibriados.
  1970 | D:2      | Reached skill level 1 in Short Blades
  2197 | D:2      | Found a white marble altar of Elyvilon.
  2313 | D:2      | Found a snail-covered altar of Cheibriados.
  2320 | D:2      | Reached XP level 4. HP: 24/24 MP: 8/12
  3128 | D:3      | Found a sparkling altar of Nemelex Xobeh.
  3226 | D:3      | Learned a level 2 spell: Searing Ray
  3232 | D:3      | Learned a level 3 spell: Dazzling Spray
  3311 | D:3      | Reached skill level 1 in Armour
  3393 | D:3      | Noticed Scarn's ghost (weakling TeSu)
  3396 | D:3      | Killed Scarn's ghost
  3461 | D:3      | Reached skill level 1 in Hexes
  3533 | D:3      | Reached XP level 5. HP: 26/28 MP: 8/13
  3748 | D:3      | Learned a level 5 spell: Iskenderun's Battlesphere
  4052 | D:3      | Found a sparkling altar of Nemelex Xobeh.
  4495 | D:3      | Reached skill level 1 in Charms
  4766 | D:4      | Noticed Natasha
  4771 | D:4      | Killed Natasha
  4781 | D:4      | Noticed Natasha
  4782 | D:4      | Killed Natasha
  4791 | D:4      | Noticed an ogre
  4900 | D:4      | Killed an ogre
  4900 | D:4      | Reached XP level 6. HP: 32/32 MP: 0/14
  5025 | D:4      | Reached skill level 5 in Charms
  5206 | D:4      | Noticed Blork the orc
  5266 | D:4      | Killed Blork the orc
  5266 | D:4      | Reached skill level 6 in Charms
  5540 | D:4      | Noticed Grinder
  5541 | D:4      | Paralysed by Grinder for 6 turns
  5584 | D:4      | Noticed Natasha
  5587 | D:4      | Killed Natasha
  5660 | D:4      | Found a staircase to the Ecumenical Temple.
  5663 | D:4      | Noticed an ogre
  5673 | D:4      | Killed an ogre
  5673 | D:4      | Reached skill level 7 in Charms
  5673 | D:4      | Reached XP level 7. HP: 33/36 MP: 2/15
  5683 | Temple   | Entered the Ecumenical Temple
  5753 | Temple   | Became a worshipper of Vehumet
  6074 | D:5      | Entered Level 5 of the Dungeon
  6255 | D:5      | Slain by an ice beast

Vault maps used:
D:1:      eino_arrival_druids_welcome
D:2:      cheibriados_altar_1, lemuel_coloured_pillars_altar
D:3:      kennysheep_six_static_rooms, nemelex_deck
D:4:      minmay_temple_entry_statues_pillars, uniq_grinder, uniq_blork_the_orc,
          uniq_natasha
D:5:      first_bread, nicolae_gozag_zags_fifth_avenue
Temple:   jpeg_temple_clearing_12

Action                   |  1- 3 |  4- 6 |  7- 9 || total
-------------------------+-------+-------+-------++-------
Melee: Unarmed           |     5 |       |       ||     5
       Short sword       |     2 |    20 |       ||    22
       Rapier            |       |       |     1 ||     1
 Cast: Magic Dart        |   115 |   131 |     6 ||   252
       Dazzling Spray    |       |     4 |     4 ||     8
       Searing Ray       |       |     8 |     9 ||    17
  Use: Scroll            |       |     3 |       ||     3
       Potion            |       |     3 |       ||     3
 Stab: Invisible         |       |     1 |       ||     1
  Eat: Chunk             |     4 |    10 |     1 ||    15
       Fruit             |       |       |     1 ||     1
